 Dungeon Crawl Stone Soup version 0.25.0-11-g1f837a76a1 (webtiles) character file.

Game seed: 8972026455567358037

154 Apogee the Cutter (level 5, -3/24 HPs)
             Began as a Spriggan Enchanter on June 26, 2020.
             Was an Initiate of Ashenzari.
             Shot with an arrow by a centaur (11 damage)
             ... on level 3 of the Dungeon.
             The game lasted 00:09:08 (3805 turns).

Apogee the Cutter (Spriggan Enchanter)              Turns: 3805, Time: 00:09:09

Health: -3/24      AC:  2    Str:  4    XL:     5   Next: 13%
Magic:  6/10       EV: 18    Int: 17    God:    Ashenzari [......]
Gold:   141        SH:  0    Dex: 17    Spells: 6/9 levels left

rFire    . . .     SeeInvis +   a - +1 dagger
rCold    . . .     Gourm    .   (shield restricted)
rNeg     . . .     Faith    .   b - +0 robe
rPois    .         Spirit   .   (helmet restricted)
rElec    .         Reflect  .   (no cloak)
rCorr    .         Harm     .   (gloves unavailable)
MR       .....                  (boots unavailable)
Stlth    +++.......             (no amulet)
HPRegen  0.08/turn              (no ring)
MPRegen  0.12/turn              (no ring)

@: very quick
A: very small, unfitting armour, see invisible, herbivore, speed 3, slow
metabolism 2
a: Curse Item, Renounce Religion


You were on level 3 of the Dungeon.
You worshipped Ashenzari.
Ashenzari was noncommittal.
You were hungry.

You visited 1 branch of the dungeon, and saw 3 of its levels.

You collected 141 gold pieces.

Inventory:

Hand Weapons
 a - a +1 dagger (weapon)
 n - a +0 hunting sling
Missiles
 k - 104 stones (quivered)
 o - 19 sling bullets
Armour
 b - a +0 robe (worn)
 p - a +0 buckler
Jewellery
 f - an uncursed ring of resist corrosion
Scrolls
 c - 7 scrolls of remove curse
 h - 2 scrolls of teleportation {unknown}
 i - a scroll of identify
 l - a scroll of fog {unknown}
 m - a scroll of enchant armour {unknown}
Potions
 e - a potion of curing {unknown}
 g - a potion of magic
 j - a potion of cancellation {unknown}
 q - a potion of berserk rage {unknown}
Comestibles
 d - 5 rations


   Skills:
 + Level 5.3 Short Blades
 - Level 3.0 Dodging
 - Level 5.0 Stealth
 - Level 2.6 Spellcasting
 - Level 3.6 Hexes


You had 6 spell levels left.
You knew the following spells:

 Your Spells              Type           Power        Failure   Level  Hunger
a - Corona                Hex            ##.....      4%          1    #......
b - Ensorcelled Hibernat  Hex/Ice        #.....       13%         2    ##.....

Your spell library contained the following spells:

 Spells                   Type           Power        Failure   Level  Hunger
 Confusing Touch          Hex            ##......     12%         3    ###....
 Tukima's Dance           Hex            ##......     12%         3    ###....
 Dazzling Flash           Conj/Hex       #.....       26%         3    ###....


Dungeon Overview and Level Annotations

Branches:
Dungeon (3/15)

Altars:
Ashenzari
Gozag


Innate Abilities, Weirdness & Mutations

You are very small and have problems with some larger weapons.
You are too small for most types of armour.
You have supernaturally acute eyesight. (SInv)
You are a herbivore.
You cover ground extremely quickly.
You need to consume almost no food.


Message History

Press: ? - help, Shift-Dir - straight line, f - you, p - centaur
Okay, then.
You hit the centaur.
The centaur is lightly wounded.
The centaur hits you.
You hit the centaur.
The centaur is moderately wounded.
The centaur hits you!
You hit the centaur but do no damage.
The centaur is moderately wounded.
The centaur hits you but does no damage.
You hit the centaur.
The centaur is moderately wounded.
The centaur hits you.
You hit the centaur but do no damage.
The centaur is moderately wounded.
The centaur hits you.
The centaur wields a +0 shortbow.
The centaur shoots an arrow.
The arrow hits you!
You die...

#........# #........#
#........# #........#
# #........# ##+#.. ..
#........#######......
..
######................
.. #..............#
#.......@......#
#..(......c....#
#..........#####
#.......#### #.......#
#...(...# #.#.#####
#.#. #


You could see a centaur.

Vanquished Creatures
  A worker ant (D:3)
  4 gnolls (D:2)
  3 adders
  2 worms
  2 dart slugs
  A leopard gecko (D:2)
  4 giant cockroaches
  6 goblins
  10 hobgoblins
  3 jackals (D:1)
  2 kobolds (D:3)
  A ball python (D:2)
  5 bats
  4 frilled lizards
  7 rats
55 creatures vanquished.

Notes
Turn   | Place    | Note
-------+----------+-------------------------------------------
     0 | D:1      | Apogee the Spriggan Enchanter began the quest for the Orb.
     0 | D:1      | Reached XP level 1. HP: 9/9 MP: 5/5
    44 | D:1      | Found a shattered altar of Ashenzari.
    48 | D:1      | Became a worshipper of Ashenzari the Shackled
   152 | D:1      | Reached skill level 5 in Stealth
   230 | D:1      | Reached XP level 2. HP: 13/13 MP: 6/6
   234 | D:1      | Learned a level 2 spell: Ensorcelled Hibernation
  1243 | D:2      | Found an opulent altar of Gozag.
  1364 | D:2      | Reached XP level 3. HP: 12/16 MP: 5/8
  1646 | D:2      | Reached XP level 4. HP: 6/21 MP: 2/9
  2932 | D:3      | Found a faded altar of an unknown god.
  3096 | D:3      | Reached skill level 5 in Short Blades
  3400 | D:3      | Reached XP level 5. HP: 5/24 MP: 3/10
  3740 | D:3      | Noticed a centaur
  3805 | D:3      | Shot with an arrow by a centaur

Illustrated notes

Levels and vault maps discovered:
D:1:      lightli_arrival_noodles, layout_rooms, serial_bayou,
          serial_bayou_lagoon_a, serial_bayou_pond_c, serial_bayou_pond_d,
          serial_bayou_ford_a, serial_bayou_pond_d, chequers_big_river,
          nicolae_ashenzari_panopticon
D:2:      layout_loops_corners, nicolae_gozag_seed_capital
D:3:      layout_basic, chequers_ecumenical_altar_simple

Skill      XL: |  1  2  3  4 |
---------------+-------------+-----
Stealth        | 5 |  5.0
Short Blades   | 3 4 5 |  5.3
Dodging        | |  3.0
Spellcasting   | |  2.6
Hexes          | |  3.6

Action                   |  1- 3 |  4- 6 || total
-------------------------+-------+-------++-------
Melee: Dagger            |   115 |   114 ||   229
Throw: Stone             |       |     1 ||     1
 Cast: Corona            |     4 |       ||     4
       Ensorcelled Hiber |    13 |    16 ||    29
  Use: Scroll            |     1 |       ||     1
 Stab: Sleeping          |    11 |    20 ||    31
  Eat: Ration            |       |     1 ||     1
Armor: Robe              |     3 |     5 ||     8
Dodge: Dodged            |    94 |    72 ||   166
